 Dungeon Crawl Stone Soup version 0.28.0 (webtiles) character file.

Game seed: 2054067709393280885

142 growler the Gusty (level 5, -2/28 HPs)
             Began as a Tengu Air Elementalist on Feb 5, 2022.
             Was an Initiate of Ashenzari.
             Slain by a gnoll (7 damage)
             ... on level 7 of the Dungeon.
             The game lasted 00:10:08 (3042 turns).

growler the Gusty (Tengu Air Elementalist)          Turns: 3042, Time: 00:10:09

Health: -2/28      AC:  2    Str:  8    XL:     5   Next: 25%
Magic:  0/10       EV: 14    Int: 17    God:    Ashenzari [......]
Gold:   72         SH:  0    Dex: 15    Spells: 0/10 levels left

rFire   . . .      SeeInvis .   (no weapon)
rCold   . . .      Faith    .   (no shield)
rNeg    . . .      Spirit   .   a - +0 robe
rPois   .          Reflect  .   (helmet restricted)
rElec   .          Harm     .   (no cloak)
rCorr   .          Rampage  .   (no gloves)
Will    .....                   (boots unavailable)
Stlth   ++........              (no amulet)
HPRegen 0.09/turn               (no ring)
MPRegen 0.12/turn               (no ring)

@: flying quickly and evasively, quick
A: beak, talons 3, nimble flight
a: Renounce Religion


You were on level 7 of the Dungeon.
You worshipped Ashenzari.
Ashenzari was noncommittal.
You visited 1 branch of the dungeon, and saw 5 of its levels.

You collected 72 gold pieces.

Inventory:

Armour
 a - a +0 robe (worn)
 q - an orb of wrath
   (You found it on level 4 of the Dungeon)
Jewellery
 f - a ring of protection from fire
   (You found it on level 1 of the Dungeon)
 i - a ring of protection from fire
   (You found it on level 1 of the Dungeon)
 l - a ring of fire
   (You found it on level 2 of the Dungeon)
Scrolls
 b - a scroll of fog {unknown}
 c - a scroll of teleportation {@r4}
 h - a scroll of amnesia {unknown}
 j - a scroll of fear {unknown}
 k - 2 scrolls of vulnerability {!r}
 m - 2 scrolls of identify {@r1}
 n - 2 scrolls of silence
 o - a scroll of magic mapping
 p - a scroll of summoning {unknown}
Potions
 d - a potion of haste {@q3}
 e - 2 potions of curing {@q1}
 g - a potion of attraction {!q}


   Skills:
 - Level 2.1 Dodging
 - Level 2.0 Stealth
 + Level 3.2 Spellcasting
 + Level 3.8 Conjurations
 + Level 5.5 Air Magic


You couldn't memorise any spells.
You knew the following spells:

 Your Spells              Type           Power      Damage    Failure   Level
a - Shock                 Conj/Air       72%        1d7       2%          1
b - Airstrike             Air            10%        N/A       17%         4
d - Static Discharge      Conj/Air       18%        N/A       3%          2
s - Swiftness             Air            21%        N/A       5%          3

Your spell library contained the following spells:

 Spells                   Type           Power      Damage    Failure   Level
 Gell's Gravitas          Tloc           2%         N/A       45%         3
 Lesser Beckoning         Tloc           2%         N/A       45%         3
 Teleport Other           Tloc           2%         N/A       45%         3


Dungeon Overview and Level Annotations

Branches:
Dungeon (4/15)
 Temple: D:4-7

Altars:
Ashenzari

Shops:
D:3 :


Innate Abilities, Weirdness & Mutations

You have a beak for a mouth.
You have claws for feet.
Your magical nature lets you fly swiftly and evasively.


Message History

Ashenzari welcomes you!
Ashenzari warns you of distant threats and treasures.
Ashenzari reveals the structure of the dungeon to you.
Ashenzari shows you where magical portals lie.
Unknown command.
Press < or > to pray at altars.
You reach down and open the door.
There is an open door here.
An orc comes into view. It is wielding a +0 war axe.
A sourceless malevolence fills the Dungeon...
You are sucked into a shaft and drop 3 floors!
The shaft crumbles and collapses.
You hear the hiss of flowing sand.
There is an entrance to an ossuary on this level.
Hurry and find it before the portal is buried!
An orc priest and an orc wizard come into view.
Found a scroll of identify and a robe.
You have a vision of a gate.
Found 14 bolts.
A gnoll comes into view. It is wielding a +0 spear.
Found 13 gold pieces.
A gnoll comes into view. It is wielding a +0 club.
A gnoll comes into view. It is wielding a +0 spear.
The gnoll shouts!
A gnoll comes into view. It is wielding a +0 spear.
The gnoll barely misses you.
The gnoll shouts!
The gnoll is struck by an arc of lightning! x2
The lightning grounds out.
The gnoll shouts!
The gnoll hits you from afar with a +0 spear.
The gnoll hits you with a +0 spear.
The gnoll is struck by an arc of lightning.
The lightning grounds out.
The gnoll hits you from afar with a +0 spear.
The gnoll closely misses you.
The gnoll is struck by an arc of lightning.
You kill the gnoll!
You are struck by an arc of lightning.
* * * LOW HITPOINT WARNING * * *
The lightning grounds out.
The gnoll hits you from afar with a +0 spear.
* * * LOW HITPOINT WARNING * * *
The gnoll is struck by an arc of lightning. x2
The lightning grounds out.
The gnoll hits you from afar with a +0 spear.
* * * LOW HITPOINT WARNING * * *
The gnoll misses you.
The gnoll is struck by an arc of lightning!
The gnoll is struck by an arc of lightning.
The lightning grounds out.
The gnoll hits you but does no damage. The gnoll barely misses you.
The gnoll hits you with a +0 club!
You die...

...........#
.(.........#
..........##
#...?.....#
#........##
######..##
#..# ##.#
#@# #g#


#gg #..# #..# #..# ##.# .# You could see 3 gnolls.

Vanquished Creatures
  A bullfrog zombie (D:3)
  A gnoll (D:7)
  2 adders (D:2)
  A worm (D:2)
  4 dart slugs
  2 orcs (D:3)
  6 ball pythons
  4 endoplasms
  A giant cockroach (D:1)
  4 goblins
  5 hobgoblins
  10 jackals
  A kobold (D:3)
  6 quokkas
  8 bats
  4 frilled lizards
  4 rats
64 creatures vanquished.

Vanquished Creatures (others)
  3 plants (D:3)
  4 toadstools (D:1)
7 creatures vanquished.

Grand Total: 71 creatures vanquished

Notes
Turn   | Place    | Note
-------+----------+-------------------------------------------
     0 | D:1      | growler the Tengu Air Elementalist began the quest for the
                  | Orb.
     0 | D:1      | Reached XP level 1. HP: 10/10 MP: 4/4
   273 | D:1      | Reached XP level 2. HP: 15/15 MP: 4/6
   276 | D:1      | Learned a level 2 spell: Static Discharge
   598 | D:1      | Reached XP level 3. HP: 19/19 MP: 4/7
   602 | D:1      | Learned a level 3 spell: Swiftness
  1608 | D:2      | Reached XP level 4. HP: 24/24 MP: 6/9
  1678 | D:2      | Reached skill level 5 in Air Magic
  2070 | D:3      | Found a faded altar of an unknown god.
  2153 | D:3      | Found Rinayd's Book Shoppe.
  2410 | D:3      | Gained mutation: Your magical nature lets you fly swiftly
                  | and evasively. [Tengu growth]
  2410 | D:3      | Reached XP level 5. HP: 13/28 MP: 0/10
  2870 | D:4      | Learned a level 4 spell: Airstrike
  2977 | D:4      | Found a broken altar of Ashenzari.
  2999 | D:4      | Became a worshipper of Ashenzari the Shackled
  3029 | D:4      | You are sucked into a shaft and drop 3 floors!
  3042 | D:7      | Slain by a gnoll

Illustrated notes

Levels and vault maps discovered:
D:1:      ldierk_water_garden, layout_loops_ring, minmay_cut_off
D:2:      layout_rooms
D:3:      layout_loops_ring, serial_shops, nicolae_shop_waterfront,
          shapermc_ecumenical_altar_mp_ritualfount
D:4:      layout_basic, mainiacjoe_overflow_cross_hatched,
          mainiacjoe_overflow_six_doors_small, mainiacjoe_overflow_24_doors,
          minmay_pentomino_pile
D:7:      layout_cave_pods, nicolae_ossuary_entry_catacombs

Skill      XL: |  1  2  3  4 |
---------------+-------------+-----
Conjurations   | 2 3 |  3.8
Air Magic      | 5 |  5.5
Spellcasting   | 3 |  3.2
Dodging        | |  2.1
Stealth        | |  2.0

Action                   |  1- 3 |  4- 6 || total
-------------------------+-------+-------++-------
Melee: Unarmed           |    23 |     8 ||    31
       Kick              |     6 |     4 ||    10
       Peck              |     4 |     3 ||     7
 Cast: Shock             |    66 |    49 ||   115
       Static Discharge  |     3 |     8 ||    11
  Use: Scroll            |     4 |     3 ||     7
Armor: Robe              |    12 |     3 ||    15
Dodge: Dodged            |    25 |    14 ||    39
